Map: Orbital Shipyard

Players

Riverstone - Winner!

  • Race: Protoss Protoss
  • League: Platinum

MorN

  • Race: Terran Terran
  • League: Platinum

VOD

Have the link to the VOD?

Description

Time

  • Played on: Nov. 12, 2015, 4:24 p.m.
  • Length: 3:33
Show
View Real Time Build Order
Export as new Build Order

Riverstone Protoss - Winner!

Build Orders:  

Get SALT Encoding   

  12  0:08  Pylon  
  12  0:13  Probe (Chrono Boost)  
  13  0:26  Gateway  
  13  0:30  Probe (Chrono Boost)  
  14  0:40  Probe (Chrono Boost)  
  14  0:41  Assimilator  
  15  0:51  Probe (Chrono Boost)  
  16  1:00  Pylon  
  16  1:01  Probe (Chrono Boost)  
  17  1:13  Cybernetics Core  
  17  1:17  Zealot (Chrono Boost)  
  19  1:21  Probe  
  20  1:30  Assimilator  
  20  1:33  Probe (Chrono Boost)  
  21  1:51  Mothership Core (Chrono Boost)  
  23  1:59  Pylon  
  23  2:00  Pylon  
  23  2:12  Stalker (Chrono Boost)  
  23  2:14  Probe  
  26  2:27  Probe  
  25  2:45  Pylon  
  24  2:51  Probe  
  25  3:03  Probe  
Show
View Real Time Build Order
Export as new Build Order

MorN Terran 

Build Orders: Reaper Expand 

Get SALT Encoding   

  12  0:00  SCV  
  13  0:13  SCV  
  14  0:20  Supply Depot  
  14  0:25  SCV  
  15  0:42  SCV, Barracks  
  16  0:47  Refinery  
  16  0:54  SCV  
  17  1:06  SCV  
  18  1:18  SCV  
  19  1:33  Orbital Command  
  19  1:34  Reaper  
  20  1:49  Command Center  
  20  2:10  SCV  
  21  2:26  Barracks Reactor  
  21  2:31  Factory  
  21  2:48  SCV  
  22  2:56  Supply Depot  
  21  3:00  SCV  
  21  3:04  Marine  
  21  3:05  Marine  
  20  3:10  Bunker  
  20  3:11  Supply Depot  
  20  3:19  Starport  
Tags
 
Add a new tag
Caveats
  • Supply blocks, unpowered buildings, or Contaminate may cause inaccurate times.
  • Supply counts are checked every 10 seconds.